[Event "RUDAR XXII-IM 2024"]
[Site "Pozarevac"]
[Date "2024.02.12"]
[Round "1.1"]
[White "Karamsetty, Jeevan"]
[Black "Ilincic, Zlatko"]
[Result "1-0"]
[ECO "C47"]
[WhiteElo "2211"]
[BlackElo "2291"]
[Annotator "TA"]
[PlyCount "47"]
[EventDate "2024.02.12"]
[EventType "tourn"]
[EventCountry "SRB"]
[SourceTitle "playchess.com"]
[Source "ChessBase"]
[SourceQuality "1"]
[TimeControl "5400+30"]

1. e4 e5 2. Nf3 Nc6 3. Nc3 Nf6 4. a4 Bc5 5. Nxe5 Nxe5 6. d4 Bd6 7. dxe5 Bxe5 8. Bd3 {[%emt 0:00:09] The position is equal.} d6 9. h3 O-O 10. O-O Re8 11. Re1 Bd7 12. Ne2 {[%emt 0:09:09] Strongly threatening f4.} d5 13. exd5 Nxd5 {[%emt 0:08:26] [#]} 14. Bxh7+ $1 Kxh7 15. Qxd5 Bf5 (15... Kg8 $14) 16. Qxf7 $16 Bxc2 17. Qh5+ Kg8 18. Be3 g6 (18... Bxb2 19. Ra2 Rxe3 20. Rxb2 $16 (20. fxe3 Qd2 $16)) (18... Qd6 $14) 19. Qg4 Qd5 {[%emt 0:04:55] Prevents Qc4} 20. Nd4 $36 {[%emt 0:06:22][%mdl 2048] White has strong initiative.} Bd3 21. Qd1 Ba6 ({Black should try} 21... Be4) 22. Qc2 Bxd4 23. Rad1 (23. Qxc7 Be5 (23... Bxb2 $2 24. Rad1 $19) 24. Qc2 Qf7 $19) (23. Bxd4 Qxd4 (23... Rxe1+ 24. Rxe1 Qxd4 25. Qxg6+ Qg7 26. Qxg7+ Kxg7 27. Re7+ Kg8 28. Rxc7 $11) 24. Qxg6+ (24. Qxc7 $2 Qxb2 25. Qd6 Qg7 $19) 24... Kf8 $11) 23... Re4 $2 {[%emt 0:03:03] [#]} (23... Qe4 24. Qb3+ (24. Qxc7 $2 {loses.} Bxb2 25. Qg3 Bc4 $19) 24... Qe6 25. Qxe6+ Rxe6) 24. Rxd4 {[%emt 0:00:49] Weighted Error Value: White=0.10 (very precise) /Black=0.56.  Mistake:       	---       	Black=4      Inaccurate:     	White=1     	Black=1      OK:         	White=9     	Black=6      Best:        	White=2     	Black=2} (24. Qxc7 $2 {too greedy.} Rae8 25. Qg3 Qe6 $19) 1-0

[Event "RUDAR XXII-IM 2024"]
[Site "Pozarevac"]
[Date "2024.02.12"]
[Round "1.2"]
[White "Sri Sai Baswanth P"]
[Black "Popchev, Milko"]
[Result "1/2-1/2"]
[ECO "C41"]
[WhiteElo "2096"]
[BlackElo "2193"]
[Annotator "RC"]
[PlyCount "160"]
[EventDate "2024.02.12"]
[EventType "tourn"]
[EventCountry "SRB"]
[SourceTitle "playchess.com"]
[Source "ChessBase"]
[SourceQuality "1"]
[TimeControl "5400+30"]

1. d4 d6 2. e4 e5 3. Nf3 exd4 4. Nxd4 Nf6 5. Nc3 Be7 6. Bf4 O-O 7. Qd2 Nc6 8. O-O-O Nxd4 9. Qxd4 Nd7 10. Qd2 Nb6 11. h4 Be6 12. f3 Qd7 13. g4 Rad8 14. h5 c6 15. g5 d5 16. g6 fxg6 17. hxg6 hxg6 18. Qh2 Rxf4 19. Qxf4 d4 20. Qg3 g5 21. Qh2 Qe8 22. Qh7+ Kf8 23. Ne2 Bf6 24. Ng3 Bg8 25. Qf5 Qe5 26. Qxe5 Bxe5 27. Nf5 g6 28. Nh6 Be6 29. Bh3 Bc4 30. Kb1 Kg7 31. Ng4 Bf4 32. Bf1 Be6 33. Nf2 Be3 34. Nd3 Bg8 35. Nc5 Rf8 36. Rh3 Re8 37. Nb3 g4 38. fxg4 Rxe4 39. Be2 Nd5 40. Bf3 Rf4 41. c3 c5 42. Nxc5 Nb6 43. cxd4 Bxd4 44. Nd3 Rf8 45. b3 a5 46. Nc1 Be5 47. Bxb7 Rb8 48. Re3 Bf6 49. Bc6 Nc4 50. Rd7+ Kf8 51. Re8+ Rxe8 52. bxc4 Bxc4 53. Nb3 Re2 54. Rd2 Re1+ 55. Kc2 Be6 56. Bd7 Bxd7 57. Rxd7 a4 58. Nc5 a3 59. Rd1 Rxd1 60. Kxd1 Ke7 61. Kc2 Bd4 62. Nb3 Bb6 63. Kd3 Kd6 64. Ke4 Bf2 65. Kf4 Ke6 66. Nd2 Bc5 67. Ke4 Be7 68. Nc4 Bb4 69. Ne5 Kf6 70. Nf3 Bc3 71. g5+ Ke6 72. Nh4 Bd2 73. Nxg6 Bxg5 74. Ne5 Be7 75. Nc4 Bf8 76. Kd4 Bg7+ 77. Kc5 Bb2 78. Kb4 Kd5 79. Nxa3 Bxa3+ 80. Kxa3 Ke5 1/2-1/2

[Event "RUDAR XXII-IM 2024"]
[Site "Pozarevac"]
[Date "2024.02.12"]
[Round "1.3"]
[White "Mesic, Ismet"]
[Black "Petrovic, Aleksa"]
[Result "0-1"]
[ECO "E52"]
[WhiteElo "2232"]
[BlackElo "2248"]
[Annotator "RC"]
[PlyCount "96"]
[EventDate "2024.02.12"]
[EventType "tourn"]
[EventCountry "SRB"]
[SourceTitle "playchess.com"]
[Source "ChessBase"]
[SourceQuality "1"]
[TimeControl "5400+30"]

1. d4 Nf6 2. c4 e6 3. Nc3 Bb4 4. e3 O-O 5. Bd2 b6 6. Nf3 Bb7 7. Bd3 d5 8. cxd5 exd5 9. Rc1 a6 10. O-O Bd6 11. Ne5 c5 12. f4 Nc6 13. Ng4 Nb4 14. Bb1 cxd4 15. exd4 Be7 16. Nxf6+ Bxf6 17. Ne2 Qd6 18. Qb3 a5 19. a3 Rfe8 20. Ng3 Nc6 21. Nf5 Qd8 22. Kh1 Nxd4 23. Nxd4 Bxd4 24. Qd3 Re4 25. Qh3 Bxb2 26. Rcd1 Qe7 27. Bxe4 dxe4 28. Bc1 Bxc1 29. Rxc1 e3 30. Rfe1 Qxa3 31. Rb1 Qa2 32. Rxb6 Be4 33. Qg3 h5 34. h4 Re8 35. f5 Qd2 36. Rg1 Bxf5 37. Rb5 Bg6 38. Kh2 Re4 39. Re1 Kh7 40. Rg1 a4 41. Re5 Rg4 42. Qxe3 Rxh4+ 43. Kg3 Rg4+ 44. Kh2 Qd6 45. g3 a3 46. Ra5 Rh4+ 47. Kg2 Be4+ 48. Kf2 Rh2+ 0-1

[Event "RUDAR XXII-IM 2024"]
[Site "Pozarevac"]
[Date "2024.02.12"]
[Round "1.4"]
[White "Potluri Saye Srreezza"]
[Black "Spasic, Petar"]
[Result "1-0"]
[ECO "B15"]
[WhiteElo "1983"]
[BlackElo "2343"]
[Annotator "RC"]
[PlyCount "77"]
[EventDate "2024.02.12"]
[EventType "tourn"]
[EventCountry "SRB"]
[SourceTitle "playchess.com"]
[Source "ChessBase"]
[SourceQuality "1"]
[TimeControl "5400+30"]

1. e4 c6 2. Nf3 d5 3. Nc3 g6 4. d4 Bg4 5. h3 Bxf3 6. Qxf3 e6 7. exd5 cxd5 8. Bb5+ Nc6 9. O-O a6 10. Bxc6+ bxc6 11. Be3 Bg7 12. Na4 Ne7 13. Nc5 Nf5 14. c3 O-O 15. Bf4 Ra7 16. Rfe1 Re8 17. Qe2 a5 18. Qc2 Qb6 19. Na4 Qd8 20. Nc5 Bf8 21. Nd3 f6 22. Re2 Qb6 23. Rae1 Ng7 24. Bh6 Rae7 25. Bxg7 Bxg7 26. Nc5 e5 27. Qb3 Qc7 28. c4 exd4 29. cxd5 Rxe2 30. d6+ Qf7 31. Rxe2 Rd8 32. Qxf7+ Kxf7 33. Re7+ Kg8 34. d7 Kf8 35. Rxg7 Kxg7 36. Ne6+ Kf7 37. Nxd8+ Kg7 38. Nxc6 d3 39. d8=Q 1-0

[Event "RUDAR XXII-IM 2024"]
[Site "Pozarevac"]
[Date "2024.02.12"]
[Round "2.1"]
[White "Ilincic, Zlatko"]
[Black "Bryakin, Mikhail"]
[Result "0-1"]
[ECO "D12"]
[WhiteElo "2291"]
[BlackElo "2494"]
[Annotator "TA"]
[PlyCount "112"]
[EventDate "2024.02.12"]
[EventType "tourn"]
[EventCountry "SRB"]
[SourceTitle "playchess.com"]
[Source "ChessBase"]
[SourceQuality "1"]
[TimeControl "5400+30"]

1. d4 d5 2. Nf3 Nf6 3. e3 Bf5 4. Bd3 Bg6 5. O-O e6 6. b3 Nbd7 7. c4 c6 8. Bb2 Bd6 9. Nc3 Ne4 10. Ne2 (10. a4 {simplifies} a5 11. Qc2 Nxc3 12. Bxc3 Bxd3 13. Qxd3 Nf6 14. Nd2) 10... Qb8 {[%emt 0:03:57] The position is equal.} 11. g3 (11. Qc2 {simplifies} Nef6 12. Bxg6 hxg6 13. g3) 11... Bh5 12. Kg2 (12. Nh4 {simplifies} f5 13. f3 Nef6 14. Ng2) 12... O-O 13. Nf4 (13. Nd2 {simplifies} Bg6 14. Qc2 Nxd2 15. Qxd2 Nf6 16. Nc3) 13... Bxf3+ 14. Kxf3 e5 15. dxe5 (15. cxd5 {feels hotter.} exf4 16. Bxe4 Nf6 17. dxc6 fxe3 18. Bf5) 15... Bxe5 16. Bxe5 Qxe5 17. cxd5 cxd5 18. Kg2 Ndf6 19. Rc1 Rad8 20. Rc2 d4 {[%emt 0:02:58] ...dxe3 is the strong threat.} 21. Qa1 Nc5 {[%emt 0:14:03] And now ...Nxd3 would win. A dynamic duo of knights.} 22. exd4 Rxd4 23. Rc4 Rfd8 {[%emt 0:01:11] [#]} (23... Rd5 $1 $14) 24. Re1 (24. Rd1 $1 $18 {Strongly threatening Rxd4.} Nxd3 25. Rxd3 Qe4+ 26. f3 Qxd3 27. Nxd3 Rxd3 28. Qc1) 24... Qd6 $11 25. Rxd4 Qxd4 26. Qxd4 Rxd4 27. Bb1 Kf8 28. Ne2 Rd2 29. Nc3 a5 30. Re2 Rxe2 31. Nxe2 {[%emt 0:00:00][%mdl 4096] Endgame. KBN-KNN} Ke7 32. Nc3 Kd6 33. Kf3 g5 34. h4 gxh4 35. gxh4 Ke5 36. Kg3 h6 37. Kf3 Ne6 38. Nb5 b6 39. Bd3 Nf4 40. Bc4 Ng6 41. Bxf7 Nxh4+ 42. Ke2 Nf5 43. Nc3 h5 44. Kd3 (44. Kf3 $11) 44... h4 $17 {[%emt 0:04:41] White must now prevent ...h3.} 45. Ne2 {[%emt 0:00:00] [#]} (45. Ke2 $17 {was worth a try.}) 45... Nd6 $1 $19 46. Bg6 Nd5 47. Bh5 (47. Bh7 {was the only defense.}) 47... Ne4 48. Kc4 Ndf6 (48... Nxf2 $2 49. Bf3 $19) 49. Kb5 $2 (49. Ng1 Nd6+ (49... Nxh5 $2 50. Nf3+ Ke6 51. Nxh4 $19) 50. Kd3 Nxh5 51. Nf3+ Kd5 52. Nxh4) 49... Nxh5 50. Kxb6 Nf4 {[%emt 0:02:57] Black mates.} 51. Ng1 Nd2 ({Weaker is} 51... Nxf2 52. Nf3+ Kf5 53. Nxh4+ Kg4 54. Kxa5 $11) 52. Kxa5 Ke4 53. b4 Nf3 54. b5 Nxg1 55. b6 Ne6 56. b7 Nd8 {[%emt 0:00:09] Weighted Error Value: White=0.40/Black=0.10 (very precise) .  Mistake:       	White=5     	Black=1      Inaccurate:     	White=6     	Black=5      OK:         	White=15    	Black=12     Best:        	White=2     	Black=2      Strong:       	---       	Black=1} 0-1

[Event "RUDAR XXII-IM 2024"]
[Site "Pozarevac"]
[Date "2024.02.12"]
[Round "2.2"]
[White "Spasic, Petar"]
[Black "Ninov, Nikolai"]
[Result "1/2-1/2"]
[ECO "A36"]
[WhiteElo "2343"]
[BlackElo "2413"]
[Annotator "TA"]
[PlyCount "28"]
[EventDate "2024.02.12"]
[EventType "tourn"]
[EventCountry "SRB"]
[SourceTitle "playchess.com"]
[Source "ChessBase"]
[SourceQuality "1"]
[TimeControl "5400+30"]

1. Nf3 c5 2. g3 g6 3. Bg2 Bg7 4. O-O Nc6 5. c4 e6 6. Nc3 Nge7 7. e3 O-O 8. d4 cxd4 9. Nxd4 Nxd4 10. exd4 d5 11. cxd5 Nxd5 12. Nxd5 exd5 {[%emt 0:00:12] The position is equal.} 13. Be3 Be6 14. Qb3 Qb6 {[%emt 0:09:47] An uneventful encounter.   OK:         	---       	Black=2} 1/2-1/2

[Event "RUDAR XXII-IM 2024"]
[Site "Pozarevac"]
[Date "2024.02.12"]
[Round "2.3"]
[White "Petrovic, Aleksa"]
[Black "Potluri Saye Srreezza"]
[Result "1/2-1/2"]
[ECO "D34"]
[WhiteElo "2248"]
[BlackElo "1983"]
[Annotator "RC"]
[PlyCount "47"]
[EventDate "2024.02.12"]
[EventType "tourn"]
[EventCountry "SRB"]
[SourceTitle "playchess.com"]
[Source "ChessBase"]
[SourceQuality "1"]
[TimeControl "5400+30"]

1. Nf3 d5 2. g3 c5 3. Bg2 Nc6 4. d4 e6 5. O-O Nf6 6. c4 Be7 7. cxd5 exd5 8. Nc3 O-O 9. Bg5 c4 10. Ne5 Be6 11. e3 h6 12. Bxf6 Bxf6 13. f4 Ne7 14. Ng4 Bxg4 15. Qxg4 Qd6 16. Rad1 Rab8 17. Kh1 Rfd8 18. e4 dxe4 19. Nxe4 Qb6 20. Nxf6+ Qxf6 21. Qe2 Nd5 22. Bxd5 Rxd5 23. Qxc4 Rbd8 24. Qb3 1/2-1/2

[Event "RUDAR XXII-IM 2024"]
[Site "Pozarevac"]
[Date "2024.02.12"]
[Round "2.4"]
[White "Popchev, Milko"]
[Black "Mesic, Ismet"]
[Result "0-1"]
[ECO "B10"]
[WhiteElo "2193"]
[BlackElo "2232"]
[Annotator "RC"]
[PlyCount "96"]
[EventDate "2024.02.12"]
[EventType "tourn"]
[EventCountry "SRB"]
[SourceTitle "playchess.com"]
[Source "ChessBase"]
[SourceQuality "1"]
[TimeControl "5400+30"]

1. e4 c6 2. d3 d5 3. Nd2 e5 4. Ngf3 Bd6 5. Be2 Nf6 6. O-O O-O 7. b3 c5 8. Bb2 Nc6 9. Re1 Re8 10. Bf1 b6 11. exd5 Nxd5 12. Nc4 f6 13. Nxd6 Qxd6 14. Nd2 Be6 15. c3 Nf4 16. Qc2 Rad8 17. Ne4 Qd7 18. Rad1 Qf7 19. Re3 Rd7 20. Bc1 Red8 21. Ree1 Kh8 22. Be3 Bf5 23. g3 Qg6 24. f3 Bh3 25. Bxh3 Nxh3+ 26. Kh1 f5 27. Nf2 f4 28. Bxc5 Ng5 29. gxf4 Nxf3 30. Rf1 bxc5 31. Ne4 Nh4 32. Nxc5 Rf7 33. b4 exf4 34. Qf2 Qh5 35. Rde1 Rf6 36. Re4 Ng6 37. d4 Qd5 38. Qf3 Qxa2 39. Rfe1 Qg8 40. Ne6 Rd7 41. Qh3 f3 42. b5 f2 43. bxc6 fxe1=Q+ 44. Rxe1 Rd6 45. d5 Rxd5 46. c7 Qa8 47. Kg1 Ne7 48. Nd4 Rg5+ 0-1

[Event "RUDAR XXII-IM 2024"]
[Site "Pozarevac"]
[Date "2024.02.12"]
[Round "2.5"]
[White "Karamsetty, Jeevan"]
[Black "Sri Sai Baswanth P"]
[Result "1/2-1/2"]
[ECO "B40"]
[WhiteElo "2211"]
[BlackElo "2096"]
[Annotator "TA"]
[PlyCount "77"]
[EventDate "2024.02.12"]
[EventType "tourn"]
[EventCountry "SRB"]
[SourceTitle "playchess.com"]
[Source "ChessBase"]
[SourceQuality "1"]
[TimeControl "5400+30"]

1. e4 c5 2. Nf3 e6 3. d3 Nc6 4. g3 g6 5. Bg5 f6 6. Bd2 Bg7 7. Bg2 Nge7 8. O-O O-O 9. Re1 d6 10. Qc1 (10. c3 $11) 10... e5 $15 11. c3 Be6 12. Na3 Qd7 13. Nc2 Rfd8 ({Better is} 13... d5 $15) 14. Bh6 (14. d4 $11) 14... d5 15. Bxg7 Kxg7 16. exd5 Bxd5 17. Rd1 Rac8 18. Ne3 Be6 19. Qc2 {[%emt 0:01:48] [#]} Nd4 20. Qd2 (20. cxd4 $11 cxd4 21. Nc4) 20... Nxf3+ 21. Bxf3 Nd5 22. Qe2 Nxe3 23. fxe3 Bf5 24. e4 Be6 25. Qe3 Rc6 26. Be2 h5 27. Rd2 b6 28. b3 Rd6 29. Rad1 a5 30. Bf1 a4 31. Rb1 a3 32. Rf2 Qc6 33. Qc1 Rxd3 34. Bxd3 {[%emt 0:00:20] The position is equal.} Rxd3 35. Rxf6 $1 {[%emt 0:00:16] [#] Strongly threatening Qg5.} Qxe4 36. Rxe6 Rxc3 37. Qf1 (37. Qxc3 $2 {is the wrong capture.} Qxb1+ 38. Kf2 Qb2+ (38... Qxa2+ $2 {loses.} 39. Kf3 $18) (38... Qf5+ $2 39. Qf3 $19) 39. Qxb2 axb2 40. Rxe5 b1=Q $19 (40... b1=B $2 41. a4 $18)) (37. Qe1 $5 Re3 $8 38. Qf1 $11) 37... Rf3 {[%emt 0:00:07] Hoping for ...Qd4+.} 38. Qd1 Rd3 39. Qf1 {[%emt 0:00:28] Weighted Error Value: White=0.12 (very precise) /Black=0.09 (flawless) .  Mistake:       	White=3     	Black=2      Inaccurate:     	White=3     	Black=4      OK:         	White=8     	Black=14     Best:        	---       	Black=1      Strong:       	White=1     	---} 1/2-1/2

[Event "RUDAR XXII-IM 2024"]
[Site "Pozarevac"]
[Date "2024.02.12"]
[Round "3.1"]
[White "Sri Sai Baswanth P"]
[Black "Ilincic, Zlatko"]
[Result "0-1"]
[ECO "A37"]
[WhiteElo "2096"]
[BlackElo "2291"]
[Annotator "TA"]
[PlyCount "115"]
[EventDate "2024.02.12"]
[EventType "tourn"]
[EventCountry "SRB"]
[SourceTitle "playchess.com"]
[Source "ChessBase"]
[SourceQuality "1"]
[TimeControl "5400+30"]

1. c4 e5 2. g3 c5 3. Bg2 Nc6 4. Nc3 g6 5. Nf3 Bg7 6. O-O Nge7 7. d3 O-O 8. a3 d6 9. Rb1 a5 10. Ne1 Be6 11. Bg5 f6 12. Bd2 d5 13. cxd5 (13. Na4 {simplifies} b6 14. b4 axb4 15. axb4 Nxb4 16. Bxb4 cxb4 17. Rxb4 Rb8 18. Qb1) 13... Nxd5 14. Qb3 a4 {[%emt 0:04:55] The position is equal.} 15. Qxb7 (15. Qd1 $11 {remains equal.}) 15... Na5 $1 $17 16. Qb5 Nb3 17. Qc6 Nd4 18. Qxe6+ Nxe6 19. Bxd5 {[%emt 0:00:02] This pair of bishops is nice.} Qd7 20. Be3 {[%emt 0:03:50] [#]} (20. Nf3 $17 {might work better.}) 20... Ra5 $1 $19 21. Nf3 Kh8 22. Bxe6 Qxe6 23. Nd2 Rc8 24. Rfc1 f5 25. f3 Ra6 26. Rc2 Bf8 27. Rbc1 Be7 28. Nc4 Kg8 29. Bd2 g5 30. Kg2 h5 31. Re1 g4 32. fxg4 hxg4 33. e4 Rd8 34. exf5 Qxf5 35. Nxe5 (35. Bc1 {is more resistant.}) 35... Rxd3 36. Bf4 {[%emt 0:01:10] [#]} Rxg3+ 37. hxg3 {[%emt 0:02:48] Threatens to win with Rf2.} Qxc2+ 38. Re2 Qf5 {[%emt 0:01:42] Strongly threatening ...Re6.} 39. Nxg4 Qxg4 40. Rxe7 Re6 41. Rb7 Qh5 42. Rb8+ Kf7 43. Rb7+ Kg6 44. Rb8 {[%emt 0:00:25] Wards off Re2+} Re1 {[%emt 0:00:28] ( -> ...Qh1+)} 45. Rb6+ Kf5 46. Rh6 {[%emt 0:00:14] Dodges Qh1+} Qe8 {[%emt 0:00:10] And now ...Qa8+ would win.} 47. Rd6 $2 (47. Kf2) 47... Kg4 48. Rd5 {[%emt 0:06:20] [#]} Re2+ $1 49. Kf1 (49. Kg1 Rxb2) 49... Rxb2 {[%emt 0:00:23] Black mates.} 50. Re5 Qh8 51. Ne2 Qh1+ 52. Kf2 Qf3+ 53. Ke1 Qxa3 54. Kf2 Qf3+ 55. Ke1 Qh1+ 56. Kf2 Qh2+ 57. Ke1 a3 58. Rf5 {[%emt 0:04:48] White got outplayed after the opening.   Weighted Error Value: White=0.57/Black=0.05 (flawless) .  Mistake:       	White=4     	---        Inaccurate:     	White=2     	---        OK:         	White=12    	Black=19     Best:        	White=7     	Black=2      Strong:       	---       	Black=2} 0-1

[Event "RUDAR XXII-IM 2024"]
[Site "Pozarevac"]
[Date "2024.02.12"]
[Round "3.2"]
[White "Mesic, Ismet"]
[Black "Karamsetty, Jeevan"]
[Result "1-0"]
[ECO "B07"]
[WhiteElo "2232"]
[BlackElo "2211"]
[Annotator "TA"]
[PlyCount "85"]
[EventDate "2024.02.12"]
[EventType "tourn"]
[EventCountry "SRB"]
[SourceTitle "playchess.com"]
[Source "ChessBase"]
[SourceQuality "1"]
[TimeControl "5400+30"]

1. e4 d6 2. d4 Nf6 3. Nc3 e5 4. dxe5 dxe5 5. Qxd8+ Kxd8 6. Bc4 Ke8 7. Nf3 Bd6 8. Be3 c6 {[%emt 0:01:19] [#]} (8... a6 $14) 9. O-O-O $1 $18 Be7 10. Nxe5 {[%emt 0:00:39] White is clearly better.} Rf8 11. a4 Nbd7 12. Nxd7 Nxd7 13. f3 b6 (13... Bc5 $16) 14. Ne2 Bb7 (14... Ne5 $16) 15. Nd4 g6 {[%emt 0:00:50] Wards off Nf5} 16. Rhe1 Ne5 17. Ba2 Bc5 (17... Rd8 {was called for.} 18. Rd2 h5) 18. f4 Ng4 19. Bg1 Nf6 20. c3 a5 21. Nf5 Bxg1 22. Nd6+ Ke7 23. Rxg1 (23. Nxb7 Bxh2 24. e5 Bxf4+ 25. Kb1 Nd5 $14) 23... Bc8 24. f5 Ng4 25. Nc4 Rb8 (25... Ba6 $142) 26. h3 Nf6 27. g4 Nd7 {[%emt 0:02:43] Against Ne5} 28. e5 f6 29. exf6+ Rxf6 (29... Kxf6 $142 30. Nd6 gxf5 31. Nxc8 (31. Nxf5 Kg6 $18) (31. gxf5 Nc5 $18) 31... Nc5) 30. Rge1+ Kd8 31. Ne5 gxf5 (31... Kc7 $142 32. Nxd7 Bxd7) 32. gxf5 Kc7 33. Nxd7 Bxd7 34. Re7 $1 Rd6 35. Be6 ({Less strong is} 35. Rxh7 Rxd1+ 36. Kxd1 Kd6 $16) 35... Rd8 36. Rxh7 {[%emt 0:00:38] [#] Strongly threatening Rxd6.} Rxd1+ 37. Kxd1 {[%emt 0:00:09] White threatens Rxd7+ and mate.} Kd6 38. Rxd7+ {[%emt 0:00:07] White mates.} Rxd7 39. Bxd7 Kxd7 {[%emt 0:00:02] KP-KP} 40. h4 Ke7 41. h5 Kf6 42. h6 b5 43. b3 {[%emt 0:00:19] Black got outplayed after the opening.   Weighted Error Value: White=0.34/Black=0.63.  Mistake:       	---       	Black=6      Inaccurate:     	White=1     	Black=1      OK:         	White=9     	Black=6      Best:        	White=1     	---        Strong:       	White=1     	---} 1-0

[Event "RUDAR XXII-IM 2024"]
[Site "Pozarevac"]
[Date "2024.02.12"]
[Round "3.3"]
[White "Potluri Saye Srreezza"]
[Black "Popchev, Milko"]
[Result "1/2-1/2"]
[ECO "A53"]
[WhiteElo "1983"]
[BlackElo "2193"]
[Annotator "TA"]
[PlyCount "103"]
[EventDate "2024.02.12"]
[EventType "tourn"]
[EventCountry "SRB"]
[SourceTitle "playchess.com"]
[Source "ChessBase"]
[SourceQuality "1"]
[TimeControl "5400+30"]

1. e4 c6 2. Nf3 d6 3. d4 Bg4 4. c4 e6 5. Nc3 Nf6 6. Be2 Be7 7. O-O O-O 8. Bg5 Nbd7 9. e5 Ne8 10. Bxe7 Qxe7 11. Qb3 dxe5 12. Qxb7 (12. Nxe5 $11 Bxe2 13. Nxe2) 12... Nd6 $17 13. Qxc6 Rfc8 (13... Rac8 $15 14. Qa4 Nxc4) 14. Qa6 $11 exd4 15. Nxd4 Nc5 16. Qa5 (16. Nc6 Qe8 17. Qa5 Bxe2 (17... Rxc6 18. Bxg4 Ndb7 19. Qb4 $11) 18. Nxe2 Qxc6 $19) 16... Bxe2 17. Ncxe2 e5 18. Nb5 Nxc4 19. Qb4 Nb6 20. Rfd1 {[%emt 0:02:12] Prevents Qd7} a5 21. Qg4 Ne6 22. Rac1 Rxc1 23. Rxc1 (23. Nxc1 $11 {should be considered.} Qb4 24. Qxb4 axb4 25. b3) 23... Qb4 $15 24. Qxb4 axb4 25. a3 bxa3 26. Nxa3 Kf8 27. g3 Ke7 28. Nc4 Nxc4 29. Rxc4 $11 {[%emt 0:00:09][%mdl 4096] Endgame. KRN-KRN} f5 30. Rb4 Nc5 31. Nc3 Kd7 32. Rb5 Kc6 33. b4 Nd7 (33... Ne4 34. Rxe5 Nxc3 35. Rc5+ (35. Rxf5 $2 Rc8 $17) 35... Kd6 36. Rxc3 $16) 34. Rd5 Ra1+ 35. Kg2 Rc1 36. b5+ Kc7 37. b6+ Kc6 (37... Nxb6 38. Nb5+ Kc6 39. Rxe5 $11) 38. b7 $1 {[%emt 0:00:21][%cal Od5d7] [#] Rxd7! would now be deadly.} Nb8 39. Rd8 Kxb7 40. Ne2 Rc2 41. Kf1 Rc8 42. Rd5 Nc6 43. f4 exf4 44. Nxf4 {[%emt 0:00:42] The position is equal.} g6 45. Rd7+ Rc7 46. Rxc7+ Kxc7 {[%emt 0:00:04] KN-KN} 47. Ne6+ $1 Kd6 48. Nf8 Nd4 49. Nxh7 Ne6 50. Nf6 Nf8 51. g4 Ke5 52. gxf5 {[%emt 0:00:18] Weighted Error Value: White=0.11 (very precise) /Black=0.08 (flawless) .  Mistake:       	White=2     	Black=1      Inaccurate:     	White=3     	Black=3      OK:         	White=23    	Black=18     Best:        	White=1     	Black=2      Strong:       	White=2     	---} 1/2-1/2

[Event "RUDAR XXII-IM 2024"]
[Site "Pozarevac"]
[Date "2024.02.12"]
[Round "3.4"]
[White "Ninov, Nikolai"]
[Black "Petrovic, Aleksa"]
[Result "0-1"]
[ECO "C01"]
[WhiteElo "2413"]
[BlackElo "2248"]
[Annotator "TA"]
[PlyCount "80"]
[EventDate "2024.02.12"]
[EventType "tourn"]
[EventCountry "SRB"]
[SourceTitle "playchess.com"]
[Source "ChessBase"]
[SourceQuality "1"]
[TimeControl "5400+30"]

1. e4 e6 2. d4 d5 3. exd5 exd5 4. Bf4 Bd6 5. Qd2 Bxf4 6. Qxf4 Qe7+ 7. Ne2 c6 8. Nbc3 {[%emt 0:07:51] The position is equal.} Qf6 9. h4 Qxf4 10. Nxf4 h5 11. O-O-O Nd7 12. Re1+ Kf8 13. Bd3 Ndf6 14. f3 Ne7 15. Re5 Bd7 16. Rhe1 Re8 17. Nce2 g6 18. Ng3 Rg8 19. b3 Nc8 20. c4 dxc4 21. bxc4 Rd8 22. Kc2 Nb6 23. Ra5 (23. Kc3 {is interesting.} c5 24. d5 Nc8 25. R5e3) 23... Nc8 24. Kc3 $36 {[%emt 0:01:27][%mdl 2048] White has the initiative.} Kg7 25. Rg5 Kh6 26. Re2 Nh7 27. Rge5 Nf6 28. a4 Rgf8 29. a5 Nd6 (29... b5 $16 {keeps fighting.}) 30. c5 $18 Nde8 (30... Nb5+ $142 31. Bxb5 cxb5) 31. Rg5 Nc7 {[%emt 0:08:04] [#]} 32. Nxg6 $1 Rg8 33. Ne5 Rxg5 34. hxg5+ Kxg5 35. Nxf7+ Kh4 36. Ne4 {[%emt 0:01:52] Intending g3+ and mate.} Ncd5+ 37. Kd2 {[%emt 0:00:31] Threatening mate with g3+.} Rg8 38. Nfd6 Nxe4+ 39. Rxe4+ ({Less strong is} 39. fxe4 Nf4 $16) (39. Nxe4 $142 Bf5 40. Bc4 (40. g3+ Rxg3 41. Nxg3 Bxd3 $18)) 39... Kg3 {[%emt 0:00:19] [#]} 40. Re7 $4 Nxe7 {[%emt 0:03:43] Never resign too early!   Weighted Error Value: White=0.27 (precise) /Black=0.25 (precise) .  Missed win:     	White=1     	---        Mistake:       	White=1     	Black=2      Inaccurate:     	---       	Black=5      OK:         	White=12    	Black=11     Best:        	White=3     	Black=5      Brilliant:      	White=1     	---} 0-1

[Event "RUDAR XXII-IM 2024"]
[Site "Pozarevac"]
[Date "2024.02.12"]
[Round "4.1"]
[White "Ilincic, Zlatko"]
[Black "Spasic, Petar"]
[Result "1/2-1/2"]
[ECO "D41"]
[WhiteElo "2291"]
[BlackElo "2343"]
[Annotator "TA"]
[PlyCount "32"]
[EventDate "2024.02.12"]
[EventType "tourn"]
[EventCountry "SRB"]
[SourceTitle "playchess.com"]
[Source "ChessBase"]
[SourceQuality "1"]
[TimeControl "5400+30"]

1. d4 Nf6 2. c4 c5 3. Nf3 e6 4. Nc3 d5 5. cxd5 Nxd5 6. e4 Nxc3 7. bxc3 cxd4 8. cxd4 Bb4+ 9. Bd2 Bxd2+ 10. Qxd2 O-O 11. Bc4 Nd7 12. O-O Nf6 13. Rfe1 b6 14. Rad1 (14. e5 $14 {was preferrable.} Nd5 15. Ng5) 14... Bb7 $11 {[%emt 0:01:03] The position is equal.} 15. Qf4 Rc8 16. Bd3 h6 {[%emt 0:19:02] White got outplayed after the opening.   Weighted Error Value: White=0.15 (very precise) /Black=0.10 (very precise) .  Mistake:       	White=1     	---        OK:         	---       	Black=2} 1/2-1/2